Map: Catalyst LE

Players

Optimus - Winner!

  • Race: Terran Terran
  • Spawn Location: 5:00

Ryosis

  • Race: Zerg Zerg
  • Spawn Location: 11:00

Event: WCS Valencia 2018

VOD

Have the link to the VOD?

Description

Time

  • Played on: July 12, 2018, 6:18 a.m.
  • Length: 11:46

All games in this series

Show
View Real Time Build Order
Export as new Build Order

Optimus Terran - Winner!

Build Orders: Hellion Opening, Reaper Expand, Mech 

Get SALT Encoding   

  12  0:00  SCV  
  13  0:12  SCV  
  14  0:17  Supply Depot  
  14  0:25  SCV  
  15  0:39  SCV  
  15  0:40  Barracks  
  16  0:44  Refinery  
  16  0:51  SCV  
  17  1:03  SCV  
  18  1:15  SCV  
  19  1:27  Reaper, Orbital Command  
  20  1:40  Command Center  
  20  1:49  Supply Depot  
  20  1:53  SCV  
  21  1:59  Marine  
  22  2:03  Factory  
  22  2:08  SCV  
  23  2:13  Refinery  
  23  2:20  SCV  
  23  2:21  Barracks Reactor  
  24  2:32  SCV  
  25  2:44  SCV  
  25  2:49  Starport  
  26  2:53  Orbital Command  
  26  2:56  SCV  
  27  3:02  Barracks Tech Lab, Hellion x2  
  31  3:08  SCV  
  32  3:18  Supply Depot  
  32  3:20  SCV  
  32  3:21  SCV  
  32  3:24  Hellion x2  
  38  3:32  SCV  
  38  3:33  Raven, SCV  
  42  3:44  SCV  
  42  3:45  SCV  
  42  3:46  Hellion x2  
  48  3:49  Supply Depot  
  48  3:56  SCV  
  48  3:57  SCV  
  50  4:03  Liberator  
  50  4:08  SCV  
  50  4:09  SCV  
  52  4:12  Command Center  
  52  4:16  Hellion x2  
  56  4:20  SCV  
  56  4:22  SCV  
  61  4:26  Armory  
  61  4:33  SCV  
  62  4:38  Refinery  
  62  4:39  Refinery  
  62  4:47  Supply Depot  
  62  4:49  Supply Depot  
  62  4:58  Barracks Tech Lab, Factory  
  62  4:59  Factory  
  62  5:08  SCV x2  
  62  5:13  Terran Vehicle Weapons Level 1  
  64  5:14  Supply Depot  
  64  5:21  SCV x2  
  66  5:24  Orbital Command  
  66  5:33  SCV x2  
  72  5:43  Hellion x2  
  72  5:45  SCV x2  
  69  5:57  SCV  
  69  5:59  Siege Tank x2  
  69  6:01  Barracks Reactor  
  69  6:03  Factory  
  65  6:04  Factory, Orbital Command  
  65  6:09  Hellion x2  
  65  6:10  Starport Reactor  
  65  6:11  SCV  
  65  6:12  SCV  
  65  6:17  Engineering Bay  
  67  6:20  Supply Depot  
  67  6:24  SCV x2  
  67  6:25  Refinery  
  69  6:30  Refinery  
  69  6:31  Siege Tank  
  69  6:32  Siege Tank  
  75  6:36  SCV x2  
  75  6:38  SCV  
  80  6:44  Hellion  
  80  6:45  Hellion  
  82  6:47  Supply Depot  
  82  6:48  SCV x2  
  82  6:50  SCV, Factory Tech Lab  
  85  6:56  Viking x2  
  85  7:00  SCV x2  
  91  7:03  SCV  
  92  7:11  Hellion x4  
  92  7:12  SCV x2  
  92  7:15  Missile Turret, Siege Tank x2  
  108  7:17  SCV  
  109  7:24  SCV x2  
  109  7:27  Siege Tank  
  109  7:29  Supply Depot, SCV  
  114  7:36  SCV x2  
  112  7:40  Hellion x2  
  112  7:41  SCV  
  114  7:45  Hellion  
  114  7:47  Siege Tank  
  114  7:49  SCV x2  
  114  7:51  Siege Tank  
  116  7:53  Hellion, SCV  
  101  8:01  Hellion, SCV x2  
  101  8:02  Hellion  
  95  8:12  Hellion  
  82  8:13  SCV x2  
  77  8:21  Orbital Command  
  77  8:25  SCV x2  
  76  8:33  Hellion x5  
  76  8:34  Hellion  
  66  8:37  SCV x2  
  66  8:40  Hellion  
  69  8:41  Siege Tank  
  73  8:49  SCV  
  73  8:50  Siege Tank  
  73  8:52  Hellion  
  73  8:53  Hellion  
  82  8:56  Terran Vehicle Weapons Level 2  
  82  8:57  SCV x2  
  82  9:01  SCV  
  83  9:09  SCV  
  84  9:11  Hellion x2  
  84  9:13  Hellion  
  84  9:14  Siege Tank  
  93  9:18  SCV, Siege Tank  
  93  9:22  SCV x2  
  99  9:30  Hellion  
  99  9:31  SCV  
  102  9:34  SCV x2  
  101  9:43  SCV  
  101  9:44  Hellion  
  98  9:46  SCV x2  
  98  9:52  Hellion  
  92  9:55  SCV  
  92  9:56  Hellion x2  
  92  9:58  SCV x2  
  80  10:07  SCV  
  80  10:08  Hellion x2  
  80  10:10  SCV  
  80  10:11  Hellion, SCV  
  82  10:19  SCV  
  82  10:20  Liberator  
  79  10:23  SCV x2, Siege Tank  
  79  10:25  Siege Tank  
  87  10:28  Siege Tank  
  87  10:33  Hellion  
  91  10:40  Viking  
  91  10:42  SCV x2  
  98  10:46  SCV  
  99  10:50  Hellion  
  99  10:51  Hellion  
  99  10:54  SCV  
  99  10:55  SCV  
  102  10:58  SCV  
  97  11:08  SCV  
  90  11:30  SCV x2  
Show
View Real Time Build Order
Export as new Build Order

Ryosis Zerg 

Build Orders: Hatch First 

Get SALT Encoding   

  12  0:00  Drone  
  13  0:12  Overlord  
  13  0:17  Drone  
  14  0:31  Drone x2  
  14  0:34  Drone  
  17  0:52  Hatchery  
  17  0:55  Drone  
  17  0:58  Drone  
  18  1:09  Extractor  
  17  1:12  Spawning Pool  
  17  1:16  Drone  
  17  1:20  Drone  
  18  1:28  Drone  
  19  1:39  Overlord  
  19  1:49  Drone  
  20  1:59  Queen  
  20  2:00  Zergling x2  
  23  2:03  Queen  
  23  2:04  Zergling x2  
  26  2:08  Metabolic Boost  
  26  2:11  Drone  
  26  2:15  Drone  
  28  2:33  Hatchery, Drone  
  28  2:36  Drone  
  28  2:40  Drone  
  29  2:44  Overlord  
  29  2:47  Drone  
  30  2:53  Queen  
  30  2:56  Drone  
  33  2:58  Drone  
  33  3:01  Drone  
  35  3:08  Drone x2  
  35  3:09  Drone  
  38  3:13  Overlord  
  38  3:14  Drone  
  40  3:20  Drone x2  
  40  3:26  Queen  
  43  3:33  Queen  
  45  3:34  Drone  
  45  3:37  Overlord  
  45  3:38  Drone  
  45  3:41  Drone  
  48  3:46  Zergling x8  
  52  3:52  Zergling x6  
  55  3:56  Queen  
  55  4:01  Overlord  
  55  4:02  Zergling x2  
  58  4:12  Lair  
  58  4:13  Overlord  
  57  4:19  Queen  
  57  4:22  Drone  
  57  4:23  Baneling Nest, Drone x2  
  61  4:25  Drone x2  
  61  4:28  Drone  
  61  4:30  Overlord  
  64  4:35  Drone  
  65  4:38  Drone x2  
  65  4:40  Drone x2  
  65  4:42  Roach Warren  
  65  4:43  Drone x2  
  70  4:46  Drone x2  
  70  4:49  Drone x2  
  70  4:50  Drone  
  70  4:52  Drone  
  76  4:53  Drone  
  76  4:55  Drone  
  76  4:57  Drone  
  79  5:00  Overlord  
  79  5:06  Drone x2  
  80  5:10  Drone x3  
  80  5:13  Overlord  
  81  5:18  Overlord  
  81  5:19  Extractor x2  
  81  5:20  Spore Crawler, Drone  
  79  5:22  Drone  
  79  5:27  Spore Crawler  
  78  5:28  Extractor  
  78  5:30  Extractor, Roach x3  
  78  5:35  Roach x3  
  71  5:43  Roach x3  
  71  5:44  Drone x2  
  71  5:45  Drone  
  71  5:47  Drone  
  71  5:49  Drone  
  75  5:54  Drone x2  
  75  5:56  Drone  
  72  5:59  Drone  
  72  6:01  Drone  
  71  6:09  Drone x2  
  73  6:12  Drone  
  73  6:17  Drone x2  
  76  6:23  Pneumatized Carapace  
  76  6:30  Roach  
  76  6:31  Overlord  
  73  6:41  Zergling x10  
  73  6:46  Zergling x6  
  81  6:51  Zergling x2  
  81  6:52  Zergling x2  
  83  6:55  Zergling x2  
  83  6:56  Zergling x2  
  83  6:57  Ravager  
  83  7:00  Zergling x2  
  87  7:04  Ravager x2  
  87  7:07  Zergling x6  
  92  7:12  Zergling x4  
  92  7:13  Zergling x2  
  92  7:14  Ravager x2  
  97  7:20  Zergling x6  
  97  7:22  Ravager  
  101  7:26  Zergling x2  
  101  7:27  Zergling x2  
  100  7:36  Roach  
  102  7:37  Roach x2  
  89  7:53  Roach x2  
  83  7:59  Ravager  
  83  8:00  Ravager  
  83  8:01  Zergling x2  
  83  8:08  Zergling x4  
  83  8:15  Zergling x2  
  83  8:17  Ravager  
  83  8:26  Zergling x2  
  71  8:27  Zergling x2  
  71  8:31  Drone  
  59  8:37  Drone  
  59  8:39  Drone  
  59  8:45  Drone  
  59  8:50  Drone  
  59  8:53  Drone  
  61  8:55  Drone  
  61  9:00  Drone x2  
  61  9:04  Drone  
  61  9:06  Drone x2  
  64  9:11  Drone x2  
  64  9:12  Drone  
  64  9:15  Drone x2  
  69  9:19  Drone  
  68  9:24  Drone x2  
  70  9:32  Roach  
  70  9:36  Roach x2  
  74  9:41  Roach  
  74  9:44  Roach x2  
  61  9:57  Roach x3  
  55  10:04  Roach  
  55  10:08  Queen  
  55  10:11  Queen  
  59  10:18  Roach  
  58  10:22  Roach  
  58  10:25  Drone  
  61  10:29  Ravager x3  
  61  10:30  Ravager  
  61  10:34  Drone  
  62  10:38  Drone  
  62  10:41  Drone  
  64  10:44  Drone x2  
  64  10:48  Drone  
  65  10:51  Drone  
  63  10:58  Drone  
  63  11:00  Drone  
  63  11:01  Drone  
  62  11:05  Drone x2  
  62  11:18  Roach x3  
  47  11:21  Roach  
  47  11:25  Roach x2  
Tags
 
Add a new tag
Caveats
  • Supply blocks, unpowered buildings, or Contaminate may cause inaccurate times.
  • Supply counts are checked every 10 seconds.